 Dungeon Crawl Stone Soup version 0.30.1-9-gdf580d7c3d (webtiles) character file.

Game seed: 62602263614572288

2133 pkoi the Draconian Disaster (level 9, -8/71 HPs)
             Began as a Yellow Draconian Monk on Oct 23, 2023.
             Was a Believer of Qazlal.
             Mangled by a wyvern (12 damage)
             ... on level 7 of the Dungeon.
             The game lasted 00:05:36 (6595 turns).

pkoi the Draconian Disaster (Yellow Draconian Monk) Turns: 6595, Time: 00:05:36

Health: -8/71      AC: 10    Str: 13    XL:     9   Next: 9%
Magic:  19/19      EV: 13    Int: 13    God:    Qazlal [**....]
Gold:   320        SH:  2    Dex: 18    Spells: 8/8 levels left

rFire   . .          .
                       - Unarmed
rCold   . . .        b - orb {light}
rNeg    . . .        (body armour unavailable)
rPois   .            (helmet restricted)
rElec   .            g - +1 cloak
rCorr   +            t - +0 pair of gloves
SInv    .            (no boots)
Will    .....        p - amulet of the acrobat
Stlth   +            (no ring)
HPRegen 0.31/turn    (no ring)
MPRegen 0.16/turn

%: random rage (3%), acrobat
@: glowing
A: spit acid, AC +7, unfitting armour, cold-blooded, acid resistance, beak,
claws 1, agile 1, berserk 1
a: Breathe Acid, Renounce Religion, Upheaval


You were on level 7 of the Dungeon.
You worshipped Qazlal.
Qazlal was pleased with you.
You visited 2 branches of the dungeon, and saw 8 of its levels.

You collected 320 gold pieces.

Inventory:

Hand Weapons
 e - a +0 dagger of electrocution
 l - a +0 dagger of venom
Armour
 b - an orb of light (worn)
 g - a +1 cloak (worn)
 t - a +0 pair of gloves (worn)
Jewellery
 p - an amulet of the acrobat (around neck)
 v - a ring of flight
Wands
 q - a wand of acid (31)
Scrolls
 d - a scroll of teleportation
 j - 2 scrolls of identify
 n - 2 scrolls of blinking
 o - a scroll of poison
 s - a scroll of enchant armour
 u - a scroll of vulnerability {unknown}
 w - a scroll of silence {unknown}
 x - a scroll of enchant weapon {unknown}
Potions
 a - 2 potions of ambrosia
 c - 5 potions of curing
 f - 2 potions of haste
 h - a potion of invisibility
 i - a potion of heal wounds
 k - a potion of berserk rage
 m - a potion of lignification
 r - a potion of flight


   Skills:
 + Level 4.3 Fighting
 + Level 3.5 Dodging
 + Level 8.4 Unarmed Combat
 + Level 13.7 Invocations


You had 8 spell levels left.
You didn't know any spells.
Your spell library contained the following spells:

 Spells                   Type           Power      Damage    Failure   Level
 Slow                     Hex            0%         N/A       30%         1
 Confusing Touch          Hex            0%         N/A       67%         3
 Frozen Ramparts          Ice            0%         1d1       67%         3
 Vampiric Draining        Necr           0%         2d6       67%         3
 Ice Form                 Ice/Tmut       0%         N/A       97%         4
 Summon Ice Beast         Ice/Summ       0%         N/A       97%         4


Dungeon Overview and Level Annotations

Branches:
Dungeon (7/15)             Temple (1/1) D:6

Altars:
Ashenzari
Dithmenos
Elyvilon
Fedhas
Gozag
Hepliaklqana
Kikubaaqudgha
Makhleb
Nemelex Xobeh
Okawaru
Qazlal
Ru
Sif Muna
Trog
Uskayaw
Wu Jian
Yredelemnul
Zin
The Shining One

Shops:
D:4 *   D:5 *

Annotations:
D:3 1 runed translucent door, Crazy Yiuf


Innate Abilities, Weirdness & Mutations

You can spit globs of acid.
Your golden yellow scales are hard. (AC +7)
You cannot fit into any form of body armour.
You are cold-blooded and may be slowed by cold attacks.
You are resistant to acid. (rCorr)
You have a beak for a mouth.
You have sharp fingernails.
You are agile. (Dex +4, Str/Int -1)
You sometimes lose your temper in combat.


Message History

You hit the wyvern but do no damage.
The wyvern is severely wounded.
The wyvern bites you! The orc hits you with a +0 war axe!
* * * LOW HITPOINT WARNING * * *
You are too injured to fight recklessly!
You are too injured to fight recklessly!
You are too injured to fight recklessly!
You are too injured to fight recklessly!
You are too injured to fight recklessly!
You are too injured to fight recklessly!
You are too injured to fight recklessly!
You are too injured to fight recklessly!
You are too injured to fight recklessly!
You are too injured to fight recklessly!
You are too injured to fight recklessly!
You are too injured to fight recklessly!
You are too injured to fight recklessly!
Unknown command.
You hit the wyvern but do no damage. You peck the wyvern, but do no damage.
Your tail-slap misses the wyvern.
The wyvern is severely wounded.
The wyvern barely misses you. The orc closely misses you.
The wyvern closely misses you.
You hit the wyvern but do no damage.
The wyvern is severely wounded.
The wyvern bites you but does no damage.
The orc hits you but does no damage.
Unknown command.
You hit the wyvern. You peck the wyvern, but do no damage.
The wyvern is almost dead.
The wyvern bites you but does no damage.
The orc hits you with a +0 war axe.
* * * LOW HITPOINT WARNING * * *
Unknown command.
You hit the wyvern but do no damage. You peck the wyvern.
The wyvern is almost dead.
The wyvern bites you.
* * * LOW HITPOINT WARNING * * *
The wyvern bites you!
You die...

#.........#
#..........
#..<.......
###.###.#..#.
##...# #
##....#
#####....##
###.......##
....(...@.##
.......o°l#
....#......#
... #..###...
.# #... ##..
#... ....
#... ... ...
.#


You could see a wyvern and an orc.

Vanquished Creatures
  A hornet (D:6)
  Eustachio (D:4)
  Menkaure (D:4)
  A water moccasin (D:6)
  A sky beast (D:6)
  2 scorpions (D:6)
  2 bullfrogs (D:6)
  A howler monkey (D:6)
  A jelly (D:6)
  3 orc priests (D:5)
  A hound (D:5)
  2 iguanas (D:6)
  Jessica (D:3)
  Terence (D:3)
  Robin (D:4)
  7 gnolls
  11 adders
  A white imp (D:6)
  A worm (D:2)
  4 dart slugs
  12 orcs
  4 ball pythons
  5 endoplasms
  4 giant cockroaches
  16 goblins
  13 hobgoblins
  3 jackals (D:1)
  6 quokkas
  8 bats
  2 frilled lizards (D:2)
  6 kobolds
  4 rats
127 creatures vanquished.

Notes
Turn   | Place    | Note
-------+----------+-------------------------------------------
     0 | D:1      | pkoi the Draconian Monk began the quest for the Orb.
     0 | D:1      | Reached XP level 1. HP: 19/19 MP: 1/1
    74 | D:1      | Reached XP level 2. HP: 22/26 MP: 2/2
   393 | D:1      | Reached XP level 3. HP: 31/31 MP: 3/3
  1438 | D:2      | Reached skill level 5 in Unarmed Combat
  1438 | D:2      | Reached XP level 4. HP: 33/38 MP: 4/4
  2065 | D:3      | Noticed Terence
  2078 | D:3      | Killed Terence
  2125 | D:3      | Found a faded altar of an unknown god.
  2221 | D:3      | Noticed Jessica
  2228 | D:3      | Killed Jessica
  2229 | D:3      | Reached XP level 5. HP: 40/45 MP: 5/5
  2389 | D:3      | Found a runed translucent door.
  2390 | D:3      | Noticed Crazy Yiuf
  2950 | D:4      | Noticed Menkaure
  3107 | D:4      | Noticed Eustachio
  3118 | D:4      | Gained mutation: You sometimes lose your temper in combat.
                  | [potion of mutation]
  3118 | D:4      | Gained mutation: You have sharp fingernails. [potion of
                  | mutation]
  3118 | D:4      | Gained mutation: You have a beak for a mouth. [potion of
                  | mutation]
  3118 | D:4      | Gained mutation: You are agile. (Dex +4, Str/Int -1)
                  | [potion of mutation]
  3149 | D:4      | Killed Eustachio
  3150 | D:4      | Reached XP level 6. HP: 20/51 MP: 6/6
  3339 | D:4      | Killed Menkaure
  3607 | D:4      | Found Ukoibuwi's General Store.
  3721 | D:4      | Noticed Robin
  3754 | D:4      | Killed Robin
  4011 | D:4      | Found a hazy altar of Hepliaklqana.
  4022 | D:4      | Found an ancient bone altar of Kikubaaqudgha.
  4028 | D:4      | Found a stormy altar of Qazlal.
  4031 | D:4      | Found a shimmering blue altar of Sif Muna.
  4034 | D:4      | Found a sacrificial altar of Ru.
  4038 | D:4      | Found an ornate altar of the Wu Jian Council.
  4057 | D:4      | Became a worshipper of Qazlal Stormbringer
  4057 | D:4      | Reached * piety under Qazlal
  4057 | D:4      | Reached ** piety under Qazlal
  4199 | D:4      | Your scales start taking on a golden yellow colour.
  4199 | D:4      | Reached XP level 7. HP: 57/57 MP: 7/7
  4199 | D:4      | Gained mutation: You are resistant to acid. (rCorr) [Yellow
                  | Draconian growth]
  4321 | D:5      | Entered Level 5 of the Dungeon
  4338 | D:5      | Reached skill level 1 in Invocations
  4533 | D:5      | Found Noot's Neck Hole.
  4963 | D:5      | Reached skill level 13 in Invocations
  4963 | D:5      | Reached XP level 8. HP: 64/64 MP: 8/18
  5268 | D:6      | Found a staircase to the Ecumenical Temple.
  5289 | Temple   | Entered the Ecumenical Temple
  5515 | D:6      | Noticed a hornet
  5517 | D:6      | Killed a hornet
  6042 | D:6      | Reached XP level 9. HP: 68/71 MP: 19/19
  6595 | D:7      | Mangled by a wyvern

Illustrated notes

Levels and vault maps discovered:
D:1:      wheals_arrival_shading, layout_basic, chequers_serial_rivers_marsh,
          chequers_serial_rivers_small_a
D:2:      layout_basic, minmay_tetromino_o4
D:3:      layout_basic, basic_ecumenical_altar, guppyfry_early_orc_mine,
          uniq_jessica, uniq_terence, uniq_crazy_yiuf_cottage
D:4:      layout_basic, nicolae_overflow_hallway_of_the_gods, serial_shops,
          nicolae_shop_window_shopping, uniq_robin, uniq_menkaure,
          uniq_eustachio
D:5:      layout_loops_ring, nicolae_shop_sticking_my_neck_out
D:6:      layout_gridville, minmay_temple_entry_sparse_star, kennysheep_path_1,
          serial_bayou_pond_e
D:7:      layout_rooms, slow_altar_1, enter_bailey_5, serial_shops, shop
Temple:   hellmonk_temple_forest_ring

Skill      XL: |  1  2  3  4  5  6  7  8 |
---------------+-------------------------+-----
Unarmed Combat | 4 5 7 8 |  8.4
Invocations    | 13 | 13.7
Dodging        | 3 |  3.5
Fighting       | 4 |  4.3

Action                     |  1- 3 |  4- 6 |  7- 9 || total
---------------------------+-------+-------+-------++-------
  Melee: Unarmed           |   127 |   199 |   116 ||   442
         Tailslap          |    22 |    33 |    22 ||    77
         Punch             |       |     7 |       ||     7
         Peck              |       |     8 |    30 ||    38
 Invoke: Upheaval          |       |       |     2 ||     2
    Use: Scroll            |       |     8 |     2 ||    10
         Potion            |       |     7 |     2 ||     9
   Stab: Invisible         |       |     1 |       ||     1
         Sleeping          |       |     1 |       ||     1
 Armour: Skin              |    38 |    89 |    28 ||   155
  Dodge: Dodged            |    72 |   179 |    57 ||   308
  Block: Other             |       |     1 |       ||     1
         Orb               |       |       |    15 ||    15
